[Event "Titled Tuesday Blitz February 21 Early 2023"]
[White "Dubov, Daniil"]
[Black "Bacrot, Etienne"]
[WhiteFideId "24126055"]
[BlackFideId "605506"]
[WhiteElo "2708"]
[BlackElo "2667"]
[Result "1-0"]
[Round "10"]
[TimeControl "180+2"]
[Date "2023.02.21"]
[WhiteClock "0:00:07"]
[BlackClock "0:00:02"]

1. d4 Nf6 2. Nf3 e6 3. Bg5 h6 4. Bxf6 Qxf6 5. e4 d6 6. c3 g5 7. Na3 Bg7 8. Nc2 a6 9. Bd3 Nc6 10. Ne3 Qe7 11. O-O Bd7 12. a4 h5 13. Nd2 g4 14. f4 gxf3 15. Qxf3 Bh6 16. b4 Rg8 17. Kh1 O-O-O 18. Ndc4 Nb8 19. b5 Rdf8 20. bxa6 Nxa6 21. Rab1 Qg5 22. Rf2 Bc6 23. Qh3 f5 24. exf5 d5 25. Ne5 Qxe3 26. Rf3 Qd2 27. Nxc6 bxc6 28. Bxa6+ Kd7 29. fxe6+ Ke7 30. Rf7+ Rxf7 31. exf7 Rf8 32. Bc8 Rxf7 33. Qe6+ Kf8 34. Qg6 Be3 35. Be6 Rf2 36. Qg8+ Ke7 37. Bh3 Qc2 38. Qe6+ Kf8 39. Rg1 Kg7 40. Qxe3 Qd2 41. Qxd2 1-0


[Site "https://www.chess.com"]

[Event "Titled Tuesday Blitz February 21 Early 2023"]
[White "Erigaisi Arjun"]
[Black "Livaic, Leon"]
[WhiteFideId "35009192"]
[BlackFideId "14531534"]
[WhiteElo "2701"]
[BlackElo "2579"]
[Result "1-0"]
[Round "10"]
[TimeControl "180+2"]
[Date "2023.02.21"]
[WhiteClock "0:00:45"]
[BlackClock "0:00:10"]

1. c4 e6 2. Nc3 d5 3. d4 Nf6 4. cxd5 exd5 5. Bg5 Be7 6. e3 O-O 7. Bd3 Re8 8. Nge2 c6 9. Qc2 h6 10. Bh4 a5 11. f3 Na6 12. a3 Nc7 13. O-O Ne6 14. Kh1 b5 15. Bf2 Bb7 16. Ng3 Rc8 17. Rad1 b4 18. Nce2 c5 19. dxc5 Nxc5 20. Bf5 Rc7 21. Bg1 b3 22. Qd2 g6 23. Bb1 Rc8 24. e4 Bf8 25. Qf4 Qd6 26. Bd4 Ncd7 27. Qh4 Bg7 28. Nc3 dxe4 29. fxe4 Qe6 30. Qf4 Ne5 31. Na4 Ba8 32. h3 Nc6 33. Bc3 Ne5 34. Bd4 Nfd7 35. Ne2 Rc4 36. Nac3 Nc6 37. Bxg7 Kxg7 38. Rd6 Qe7 39. Nd5 1-0


[Site "https://www.chess.com"]

[Event "Titled Tuesday Blitz February 21 Early 2023"]
[White "Makarian, Rudik"]
[Black "Bernadskiy, Vitaliy"]
[WhiteFideId "44105681"]
[BlackFideId "14100371"]
[WhiteElo "2545"]
[BlackElo "2592"]
[Result "1-0"]
[Round "10"]
[TimeControl "180+2"]
[Date "2023.02.21"]
[WhiteClock "0:00:25"]
[BlackClock "0:00:02"]

1. d4 Nf6 2. c4 e6 3. Nf3 d5 4. Nc3 Be7 5. g3 O-O 6. Bg2 dxc4 7. Ne5 c5 8. dxc5 Qc7 9. Nxc4 Qxc5 10. b3 Rd8 11. Ba3 Rxd1+ 12. Rxd1 Qh5 13. Bxe7 Nbd7 14. O-O h6 15. Rd4 Kh7 16. Rfd1 Nb6 17. Nd6 Nbd5 18. Nxd5 Nxd5 19. Bf3 Qg6 20. Rg4 Nxe7 21. Rxg6 Nxg6 22. Nxf7 Kg8 23. Nd6 Rb8 24. Nxc8 Rxc8 25. Rd7 b5 26. Rxa7 Ne5 27. Kg2 Rc2 28. a4 Rb2 29. axb5 Nxf3 30. exf3 Rxb3 31. Rb7 g5 32. b6 e5 33. Kf1 Rb2 34. Ke1 1-0


[Site "https://www.chess.com"]

[Event "Titled Tuesday Blitz February 21 Early 2023"]
[White "Svane, Rasmus"]
[Black "Rakhmanov, Aleksandr"]
[WhiteFideId "4657101"]
[BlackFideId "4173708"]
[WhiteElo "2623"]
[BlackElo "2632"]
[Result "0-1"]
[Round "10"]
[TimeControl "180+2"]
[Date "2023.02.21"]
[WhiteClock "0:00:02"]
[BlackClock "0:00:06"]

1. Nf3 Nf6 2. g3 b6 3. Bg2 Bb7 4. O-O g6 5. d4 Bg7 6. c4 e6 7. Nc3 O-O 8. Qc2 c5 9. dxc5 bxc5 10. Bf4 d5 11. cxd5 exd5 12. Na4 c4 13. b3 Nbd7 14. bxc4 Rc8 15. Qb3 Ba6 16. cxd5 Bc4 17. Qa3 Nxd5 18. Bg5 Qa5 19. Rad1 N7b6 20. Nxb6 Qxa3 21. Nxc4 Rxc4 22. Rxd5 Qxa2 23. Nd2 Rc2 24. Bf3 h6 25. Be3 Re8 26. Rd1 a5 27. Ne4 a4 28. Nd6 Rxe3 29. fxe3 a3 30. Ra5 Qb3 31. Kf2 Rc5 32. Ra8+ Kh7 33. Rd3 Qe6 34. Ne4 Re5 35. Rdxa3 Rxe4 36. R3a6 Qf5 37. Ra5 Re5 38. Rxe5 Qxe5 39. Ra7 Qf6 40. Kg2 Qe6 41. e4 h5 42. h4 Bh6 43. Rb7 Kg7 44. Ra7 Be3 45. Rb7 Bd4 46. Rc7 Be5 47. Rb7 Qd6 48. g4 hxg4 49. Bxg4 Qf6 50. h5 Qf4 51. Bf3 gxh5 52. Re7 Qg5+ 53. Kf1 Qxe7 54. e3 Qf6 0-1


[Site "https://www.chess.com"]

[Event "Titled Tuesday Blitz February 21 Early 2023"]
[White "Zemlyanskii, Ivan"]
[Black "Ter-Sahakyan, Samvel"]
[WhiteFideId "24249971"]
[BlackFideId "13302531"]
[WhiteElo "2300"]
[BlackElo "2617"]
[Result "0-1"]
[Round "10"]
[TimeControl "180+2"]
[Date "2023.02.21"]
[WhiteClock "0:00:01"]
[BlackClock "0:00:08"]

1. d4 Nf6 2. c4 g6 3. h4 c5 4. d5 e6 5. e4 Nxe4 6. h5 Bg7 7. Bd3 exd5 8. cxd5 Qe7 9. Qe2 f5 10. Nf3 d6 11. Na3 Nd7 12. Nc4 O-O 13. hxg6 hxg6 14. Ng5 b5 15. Na5 Ne5 16. Nc6 Nxc6 17. dxc6 c4 18. Bxc4+ bxc4 19. Qxc4+ Rf7 20. Qxf7+ Qxf7 21. Nxf7 Kxf7 22. f3 Nc5 23. Bg5 Ba6 24. Kf2 Rc8 25. Rhd1 Rxc6 26. Kg3 Bxb2 27. Rab1 Be5+ 28. f4 Ne4+ 29. Kh2 Bg7 30. Rb8 Nxg5 31. fxg5 Be5+ 32. Kh1 f4 33. Ra8 Ke6 34. Rxa7 Kf5 35. Kg1 Kxg5 36. Kh1 Be2 37. Re1 Bg4 0-1


[Site "https://www.chess.com"]

[Event "Titled Tuesday Blitz February 21 Early 2023"]
[White "Ibarra Jerez, Jose Carlos"]
[Black "Kukhmazov, Arsen"]
[WhiteFideId "2226332"]
[BlackFideId "24108260"]
[WhiteElo "2563"]
[BlackElo "2512"]
[Result "1-0"]
[Round "10"]
[TimeControl "180+2"]
[Date "2023.02.21"]
[WhiteClock "0:01:17"]
[BlackClock "0:00:22"]

1. e4 c6 2. Nf3 d5 3. d3 g6 4. Qe2 Bg7 5. g3 Bg4 6. Bg2 Bxf3 7. Bxf3 e6 8. h4 h5 9. O-O Ne7 10. c3 O-O 11. d4 dxe4 12. Bxe4 Nd7 13. Bg5 Re8 14. Nd2 Nf6 15. Bf3 Qd7 16. Nc4 Nf5 17. Ne5 Qc7 18. Rfe1 Rac8 19. Bf4 Qe7 20. Rad1 a5 21. a4 Nd5 22. Bc1 Qc7 23. Kg2 c5 24. dxc5 Qxc5 25. Qb5 Qxb5 26. axb5 Nd6 27. b6 Bxe5 28. Rxe5 Nc4 29. Rexd5 Nd6 30. Rxd6 1-0


[Site "https://www.chess.com"]

[Event "Titled Tuesday Blitz February 21 Early 2023"]
[White "Andreikin, Dmitry"]
[Black "Sanal, Vahap"]
[WhiteFideId "4158814"]
[BlackFideId "6300545"]
[WhiteElo "2729"]
[BlackElo "2600"]
[Result "1/2-1/2"]
[Round "10"]
[TimeControl "180+2"]
[Date "2023.02.21"]
[WhiteClock "0:00:04"]
[BlackClock "0:00:02"]

1. Nf3 d5 2. d4 Nf6 3. e3 e6 4. Bd3 Be7 5. O-O O-O 6. b3 b6 7. Bb2 Bb7 8. Nbd2 c5 9. Ne5 Nbd7 10. f4 Ne4 11. Rf3 f6 12. Nxd7 Qxd7 13. Rh3 g6 14. dxc5 Bxc5 15. Nxe4 dxe4 16. Bc4 Qxd1+ 17. Rxd1 Rad8 18. Rxd8 Rxd8 19. Bxf6 Rd1+ 20. Kf2 Bd5 21. Ke2 Rg1 22. Bxd5 exd5 23. Rg3 Kf7 24. Bb2 Rb1 25. Bc3 Rc1 26. Kd2 Rf1 27. Ke2 Rc1 28. Kd2 Rf1 29. h4 b5 30. h5 b4 31. hxg6+ hxg6 32. Be5 Rf2+ 33. Kd1 Rf1+ 34. Ke2 Rc1 35. Kd2 Rf1 36. Ke2 Rc1 37. Kd2 Rf1 38. Rh3 Rf2+ 39. Kd1 Rxg2 40. Bb2 a5 41. Bc1 Ke6 42. Bd2 d4 43. exd4 Bxd4 44. Be3 Bxe3 45. Rxe3 Kf5 46. c4 Kxf4 47. Re2 Rg1+ 48. Re1 Rg2 49. Re2 Rg3 50. Kd2 Ke5 51. Re3 Rg2+ 52. Re2 Rg1 53. Re1 Rg3 54. Re3 Rg4 55. Rh3 Kd4 56. Rh8 Rg2+ 57. Ke1 Rxa2 58. Rd8+ Kc3 59. c5 Kxb3 60. Rd2 Ra1+ 61. Rd1 Ra3 62. c6 Kc2 63. Rd2+ Kc1 64. Rd1+ Kc2 65. Rd2+ Kb1 66. Rd1+ Kb2 67. Rd2+ Kc1 68. Rd1+ Kc2 1/2-1/2


[Site "https://www.chess.com"]

[Event "Titled Tuesday Blitz February 21 Early 2023"]
[White "Kramnik, Vladimir"]
[Black "Vakhlamov, Igor L."]
[WhiteFideId "4101588"]
[BlackFideId "24126748"]
[WhiteElo "2753"]
[BlackElo "2413"]
[Result "1-0"]
[Round "10"]
[TimeControl "180+2"]
[Date "2023.02.21"]
[WhiteClock "0:00:48"]
[BlackClock "0:00:02"]

1. c4 c5 2. g3 Nf6 3. Bg2 e6 4. Nf3 d5 5. cxd5 exd5 6. d4 Nc6 7. O-O Be7 8. Nc3 O-O 9. b3 Ne4 10. Bb2 Bf6 11. Na4 b5 12. Nxc5 Nxc5 13. Rc1 Nxb3 14. axb3 Ne7 15. Ne5 Qb6 16. e3 Bf5 17. Ng4 Bxg4 18. Qxg4 a5 19. Rc5 a4 20. bxa4 bxa4 21. Ba3 Qb3 22. Ra1 Rfc8 23. Rxc8+ Nxc8 24. Qd7 Nb6 25. Qb7 Rd8 26. Bc5 Nd7 27. Qxb3 axb3 28. Bd6 Nf8 29. Bxf8 Kxf8 30. Rb1 Rb8 31. Rb2 Rb5 32. Bf1 Rb6 33. Be2 Be7 34. Bd1 Rc6 35. Bxb3 Rb6 36. Ra2 Bd6 37. Bxd5 Rb5 38. Ra8+ Ke7 39. Ra7+ Ke8 40. Bc6+ Kd8 41. Bxb5 1-0


[Site "https://www.chess.com"]

[Event "Titled Tuesday Blitz February 21 Early 2023"]
[White "Korobov, Anton"]
[Black "Kamsky, Gata"]
[WhiteFideId "14105730"]
[BlackFideId "2000024"]
[WhiteElo "2664"]
[BlackElo "2665"]
[Result "0-1"]
[Round "10"]
[TimeControl "180+2"]
[Date "2023.02.21"]
[WhiteClock "0:00:07"]
[BlackClock "0:00:27"]

1. d4 g6 2. c4 Bg7 3. Nc3 d6 4. e4 Nf6 5. Nf3 O-O 6. Be2 e5 7. O-O Nc6 8. d5 Ne7 9. b4 Ne8 10. a4 a5 11. bxa5 c5 12. Nd2 Rxa5 13. Nb5 Ra6 14. Bb2 f5 15. exf5 Nxf5 16. Ne4 Nd4 17. Bxd4 exd4 18. Bg4 Bf5 19. Re1 Bxe4 20. Rxe4 Nc7 21. g3 Nxb5 22. cxb5 Ra7 23. Qd3 b6 24. h4 Kh8 25. Ra2 Rc7 26. Qc4 g5 27. hxg5 Qxg5 28. a5 bxa5 29. Rxa5 Rcf7 30. Ra2 Be5 31. b6 Rb7 32. Qa6 Rfb8 33. Kg2 Rxb6 34. Qe2 Qg6 35. Bf3 Qf6 36. Rh4 R6b7 37. Be4 Rg7 38. Qh5 Qf7 39. Qh6 c4 40. Ra1 Rf8 41. f4 Bxf4 42. Rxf4 Qxf4 43. Qxg7+ Kxg7 44. gxf4 Rxf4 45. Rd1 Rxe4 0-1


[Site "https://www.chess.com"]

[Event "Titled Tuesday Blitz February 21 Early 2023"]
[White "Kovalenko, Igor"]
[Black "Yuan, Qingyu"]
[WhiteFideId "14117908"]
[BlackFideId "8609772"]
[WhiteElo "2674"]
[BlackElo "2373"]
[Result "1-0"]
[Round "10"]
[TimeControl "180+2"]
[Date "2023.02.21"]
[WhiteClock "0:02:23"]
[BlackClock "0:00:53"]

1. c4 e6 2. Nc3 d5 3. d4 Be7 4. Nf3 Nf6 5. Bf4 O-O 6. e3 Nbd7 7. Qc2 c5 8. Rd1 cxd4 9. Rxd4 Qa5 10. a3 Nb6 11. Bc7 Qc5 12. Bxb6 axb6 13. cxd5 Nxd5 14. Rc4 Qa5 15. Bd3 g6 16. Ra4 Qc5 17. Rxa8 Nxe3 18. fxe3 Qxe3+ 19. Ne2 Bc5 20. Rf1 Rd8 21. b4 Bf8 22. Rxc8 Rxd3 23. Rc3 Rxc3 24. Qxc3 Qe4 25. Kf2 g5 26. Qe3 1-0


[Site "https://www.chess.com"]

[Event "Titled Tuesday Blitz February 21 Early 2023"]
[White "Ahmadzada, Ahmad"]
[Black "Timofeev, Artyom"]
[WhiteFideId "13413007"]
[BlackFideId "4140419"]
[WhiteElo "2488"]
[BlackElo "2567"]
[Result "1/2-1/2"]
[Round "10"]
[TimeControl "180+2"]
[Date "2023.02.21"]
[WhiteClock "0:00:17"]
[BlackClock "0:01:07"]

1. Nf3 Nf6 2. g3 g6 3. Bg2 Bg7 4. O-O O-O 5. c4 d6 6. Nc3 Nc6 7. d3 a6 8. Rb1 Rb8 9. b4 b5 10. cxb5 axb5 11. a4 Ba6 12. axb5 Bxb5 13. Nxb5 Rxb5 14. Qa4 Qb8 15. Bd2 Nd5 16. Rfc1 Qb6 17. e4 Ndxb4 18. Rxc6 Qxc6 19. Rxb4 Rfb8 20. d4 Qb6 21. Rxb5 Qxb5 22. Qxb5 Rxb5 23. d5 c6 24. dxc6 Rc5 25. Kf1 Rxc6 26. Ke2 Ra6 27. Ne1 Ra3 28. Nd3 Bc3 29. Bxc3 Rxc3 30. Ke3 Ra3 31. h4 Kf8 32. Bf3 e6 33. Be2 Ke7 34. Kd2 Ra2+ 35. Ke3 1/2-1/2


[Site "https://www.chess.com"]

[Event "Titled Tuesday Blitz February 21 Early 2023"]
[White "Real_OceanStorm"]
[Black "Bharath Subramaniyam H"]
[BlackFideId "46634827"]
[WhiteElo "2781"]
[BlackElo "2517"]
[Result "0-1"]
[Round "10"]
[TimeControl "180+2"]
[Date "2023.02.21"]
[WhiteClock "0:00:41"]
[BlackClock "0:01:26"]

1. e4 c5 2. Nf3 Nf6 3. c3 Nxe4 4. d4 cxd4 5. cxd4 d5 6. Ne5 Nc6 7. Nc3 Nxc3 8. bxc3 Nxe5 9. dxe5 e6 10. h4 Qc7 11. Bb5+ Bd7 12. Bxd7+ Qxd7 13. Be3 Rc8 14. Bxa7 Rxc3 15. O-O Bc5 16. Qd2 Rc4 17. Bxc5 Rxc5 18. f4 O-O 19. h5 h6 20. Rab1 Rfc8 21. Rb2 d4 22. Rd1 Rd5 23. Rdb1 b5 24. a4 bxa4 25. Rb7 Qe8 26. Ra7 d3 27. Rb2 Kh7 28. Rbb7 Rc2 29. Qd1 Kg8 30. Re7 Qf8 31. Kh2 d2 32. Qxc2 d1=Q 0-1


[Site "https://www.chess.com"]

[Event "Titled Tuesday Blitz February 21 Early 2023"]
[White "Orlov, Georgi"]
[Black "Madaminov, Mukhiddin"]
[WhiteFideId "2011271"]
[BlackFideId "14210703"]
[WhiteElo "2453"]
[BlackElo "2422"]
[Result "0-1"]
[Round "10"]
[TimeControl "180+2"]
[Date "2023.02.21"]
[WhiteClock "0:00:04"]
[BlackClock "0:00:04"]

1. e4 e5 2. Nf3 Nc6 3. Nc3 Nf6 4. Bb5 Bb4 5. O-O O-O 6. d3 d6 7. Bg5 Bxc3 8. bxc3 Ne7 9. Nh4 Ng6 10. Nxg6 fxg6 11. Bc4+ Kh8 12. f4 h6 13. Bxf6 gxf6 14. Qd2 Kg7 15. Rf2 Qe7 16. fxe5 dxe5 17. Raf1 Bd7 18. d4 Bc6 19. d5 Bd7 20. Bd3 a5 21. c4 Qc5 22. Kh1 Ra6 23. Rf3 Rd6 24. Rb1 b6 25. h3 Qd4 26. c3 Qc5 27. Kh2 Bc8 28. Rbf1 c6 29. Rb1 Ba6 30. Qe3 Qxe3 31. Rxe3 cxd5 32. cxd5 Bxd3 33. Rxd3 f5 34. c4 Rc8 35. Re1 Kf6 36. Rde3 Rxc4 37. exf5 gxf5 38. Rxe5 Re4 39. R1xe4 fxe4 40. Rxe4 Rxd5 41. Rc4 b5 42. Rc6+ Kg5 43. a3 h5 44. Rb6 Kf4 45. Ra6 a4 46. Rb6 Ke4 47. Kg3 Kd4 48. Kf4 Kc5 49. Rb8 Kc4 50. g4 hxg4 51. hxg4 Kb3 52. g5 Kxa3 53. g6 Rd6 54. Rxb5 Rxg6 55. Ke3 Rd6 56. Rb8 Ka2 57. Ke2 a3 58. Rb7 Ka1 59. Rb8 Rh6 60. Kd2 Rh2+ 61. Kc1 Rb2 62. Ra8 Ka2 63. Ra7 Rb4 64. Kc2 Rc4+ 65. Kd1 Kb3 0-1


[Site "https://www.chess.com"]

[Event "Titled Tuesday Blitz February 21 Early 2023"]
[White "Spata, German"]
[Black "Howell, David W L"]
[WhiteFideId "113026"]
[BlackFideId "410608"]
[WhiteElo "2383"]
[BlackElo "2677"]
[Result "0-1"]
[Round "10"]
[TimeControl "180+2"]
[Date "2023.02.21"]
[WhiteClock "0:00:07"]
[BlackClock "0:00:02"]

1. Nf3 c5 2. b3 d5 3. Bb2 Nc6 4. e3 a6 5. d4 Bg4 6. Be2 Bxf3 7. Bxf3 cxd4 8. Bxd4 Nxd4 9. Qxd4 e6 10. O-O Be7 11. c3 Bf6 12. Qd2 Rc8 13. Rc1 Ne7 14. e4 O-O 15. exd5 Nxd5 16. Bxd5 exd5 17. Qd3 Qa5 18. b4 Qc7 19. Qxd5 Rfd8 20. Qf3 h6 21. g3 Rd7 22. Na3 Qd8 23. Rc2 Rd3 24. Qe2 Rcxc3 25. Rxc3 Rxc3 26. Rd1 Qc8 27. Nb1 Rc2 28. Rd2 Rc1+ 29. Rd1 Rc2 30. Rd2 Rc1+ 31. Rd1 Qe6 32. Qf3 Rxd1+ 33. Qxd1 Qxa2 34. Nd2 Qd5 35. Qc2 g6 36. Ne4 Bd4 37. Kf1 Kg7 38. Qd3 Qe5 39. Nd2 Bc3 40. Nf3 Qf6 41. Qe4 Bxb4 42. Qxb7 Bc3 43. h4 a5 44. h5 g5 45. Nh2 a4 46. Qa7 Qd4 47. Qa6 Bb2 48. Nf3 Qd5 49. Nd2 a3 50. Qb6 Qd3+ 51. Ke1 Bc3 0-1


[Site "https://www.chess.com"]

[Event "Titled Tuesday Blitz February 21 Early 2023"]
[White "Shimanov, Aleksandr"]
[Black "Leiva, Gianmarco"]
[WhiteFideId "4198603"]
[BlackFideId "3804399"]
[WhiteElo "2581"]
[BlackElo "2392"]
[Result "1-0"]
[Round "10"]
[TimeControl "180+2"]
[Date "2023.02.21"]
[WhiteClock "0:00:08"]
[BlackClock "0:00:01"]

1. e4 c5 2. d4 cxd4 3. Qxd4 Nc6 4. Qd3 Nf6 5. Nc3 d6 6. Nf3 g6 7. Nd5 Bg7 8. c3 O-O 9. Be2 a6 10. O-O Nd7 11. Bg5 h6 12. Bh4 Nde5 13. Nxe5 dxe5 14. Rfd1 g5 15. Bg3 e6 16. Nb4 Qb6 17. Nxc6 bxc6 18. b4 Bb7 19. Qd6 Rfd8 20. Qc5 Qxc5 21. bxc5 Bf8 22. Bxe5 Bxc5 23. Bf6 Rxd1+ 24. Rxd1 a5 25. Rd7 Ba6 26. c4 Rb8 27. Bd3 a4 28. g3 g4 29. Kg2 a3 30. f3 h5 31. fxg4 hxg4 32. h3 Bf8 33. hxg4 Bg7 34. g5 Bxf6 35. gxf6 Rb4 36. e5 Rb8 37. Kf3 Kf8 38. Ke3 Ke8 39. Re7+ Kf8 40. Ra7 Bc8 41. Rxa3 c5 42. Ra5 Bd7 43. Rxc5 Ra8 44. Rc7 Ke8 45. c5 Kd8 46. Rb7 Kc8 47. Rb2 Ra4 48. Be4 Ra5 49. g4 Rxc5 50. Kd4 Ra5 51. g5 Ra4+ 52. Ke3 Ra5 53. Rc2+ Kd8 54. Kf4 Ba4 55. Rd2+ Ke8 56. g6 fxg6 57. Bxg6+ Kf8 58. Rd8+ Be8 59. Rxe8# 1-0


[Site "https://www.chess.com"]

[Event "Titled Tuesday Blitz February 21 Early 2023"]
[White "Yilmaz, Mustafa"]
[Black "EREBUNI91"]
[WhiteFideId "6302718"]
[WhiteElo "2641"]
[BlackElo "2722"]
[Result "1-0"]
[Round "10"]
[TimeControl "180+2"]
[Date "2023.02.21"]
[WhiteClock "0:00:03"]
[BlackClock "0:00:04"]

1. d4 Nf6 2. c4 e6 3. Nf3 d5 4. Nc3 Bb4 5. Qa4+ Nc6 6. e3 O-O 7. Qc2 Re8 8. Be2 e5 9. dxe5 Nxe5 10. Nxe5 Rxe5 11. O-O Bf5 12. Qb3 Bxc3 13. Qxc3 d4 14. Qd2 c5 15. exd4 cxd4 16. Bf3 Ne4 17. Bxe4 Rxe4 18. b3 Qd7 19. Bb2 d3 20. Rad1 Re2 21. Qc3 f6 22. Bc1 Rxa2 23. Rfe1 Re8 24. Be3 a6 25. h3 Rc2 26. Qb4 Qc6 27. Rd2 Rxd2 28. Qxd2 b5 29. Qa5 bxc4 30. Qxf5 c3 31. Qxd3 Rc8 32. Rc1 c2 33. b4 h6 34. Bc5 Qa4 35. Qxc2 Qb5 36. Qc4+ 1-0


[Site "https://www.chess.com"]

[Event "Titled Tuesday Blitz February 21 Early 2023"]
[White "Cherniaiev, Tykhon"]
[Black "Navara, David"]
[WhiteFideId "14182360"]
[BlackFideId "309095"]
[WhiteElo "2330"]
[BlackElo "2678"]
[Result "1/2-1/2"]
[Round "10"]
[TimeControl "180+2"]
[Date "2023.02.21"]
[WhiteClock "0:00:16"]
[BlackClock "0:00:25"]

1. Nf3 d5 2. d4 Nf6 3. c4 e6 4. Nc3 c6 5. e3 Nbd7 6. Bd3 Bd6 7. e4 dxc4 8. Bxc4 e5 9. O-O O-O 10. Bg5 b5 11. Bd3 Bb7 12. a3 h6 13. Bh4 exd4 14. Nxd4 Nc5 15. Bc2 Be5 16. Nf5 Qxd1 17. Raxd1 Bxc3 18. bxc3 Nfxe4 19. Be7 Rfe8 20. f3 Nxc3 21. Bxc5 Nxd1 22. Rxd1 Rad8 23. Rxd8 Rxd8 24. Bxa7 Rd2 25. Be4 g6 26. Ne7+ Kf8 27. Nxc6 f5 28. Na5 Bxe4 29. fxe4 fxe4 30. Be3 Ra2 31. Nc6 Kf7 32. Bxh6 Rxa3 33. Kf2 Ra2+ 34. Ke3 Rxg2 35. Bf4 Rc2 36. Nd4 Rc3+ 37. Kxe4 b4 38. Bd2 Rh3 39. Bxb4 Rxh2 40. Nf3 Ra2 41. Bd2 Rxd2 42. Nxd2 g5 43. Nf3 1/2-1/2


[Site "https://www.chess.com"]

[Event "Titled Tuesday Blitz February 21 Early 2023"]
[White "Vokhidov, Shamsiddin"]
[Black "Liyanage, Ranindu Dilshan"]
[WhiteFideId "14204223"]
[BlackFideId "9915834"]
[WhiteElo "2586"]
[BlackElo "2342"]
[Result "1-0"]
[Round "10"]
[TimeControl "180+2"]
[Date "2023.02.21"]
[WhiteClock "0:01:13"]
[BlackClock "0:00:15"]

1. e4 e5 2. Nc3 Nf6 3. Nf3 Nc6 4. a3 Bc5 5. Nxe5 Nxe5 6. d4 Bd6 7. dxe5 Bxe5 8. Bd3 d5 9. exd5 Bxc3+ 10. bxc3 Qxd5 11. O-O O-O 12. c4 Qc6 13. Bb2 Bg4 14. Qd2 Rad8 15. Rfe1 Bh5 16. Qf4 Bg6 17. Bxf6 Qxf6 18. Qxc7 Bxd3 19. cxd3 Rxd3 20. Qxb7 Qd4 21. Qe4 Qxe4 22. Rxe4 Rc3 23. a4 Rc8 24. Rd1 g6 25. g3 R3xc4 26. Rd8+ Rxd8 27. Rxc4 Rd7 28. Kg2 Kg7 29. Rc6 h5 30. Ra6 Kf8 31. Kf3 Kg7 32. Ke4 Kf8 33. h3 Kg7 34. g4 hxg4 35. hxg4 f6 36. f4 Kf7 37. Rc6 Ke7 38. a5 Rd6 39. Rc7+ Rd7 40. Rxd7+ Kxd7 41. Kd5 Ke7 42. Kc6 Ke6 43. Kb7 Kd7 44. Kxa7 Kc7 45. a6 f5 46. g5 Kc8 47. Kb6 Kb8 48. Kc6 Kc8 49. Kd6 1-0


[Site "https://www.chess.com"]

[Event "Titled Tuesday Blitz February 21 Early 2023"]
[White "Chigaev, Maksim"]
[Black "Csonka, Balazs"]
[WhiteFideId "4108116"]
[BlackFideId "742910"]
[WhiteElo "2628"]
[BlackElo "2496"]
[Result "1-0"]
[Round "10"]
[TimeControl "180+2"]
[Date "2023.02.21"]
[WhiteClock "0:00:03"]
[BlackClock "0:00:04"]

1. d4 d5 2. c4 c6 3. Nf3 Nf6 4. Nc3 e6 5. g3 dxc4 6. Bg2 Nbd7 7. O-O b5 8. e4 Bb7 9. e5 Nd5 10. Ng5 h6 11. Qh5 g6 12. Qh3 Nxc3 13. bxc3 Be7 14. Ne4 Kf8 15. a4 a5 16. Nd6 Bxd6 17. exd6 Qb6 18. Qh4 Re8 19. axb5 cxb5 20. Bxb7 Qxb7 21. Rxa5 Kg7 22. Qf4 Qd5 23. Ra7 e5 24. Qd2 Rd8 25. Ba3 Rhe8 26. Re1 exd4 27. Rxe8 Rxe8 28. Rxd7 d3 29. Re7 Ra8 30. Bc1 Ra1 31. Re1 Qxd6 32. Qxh6+ 1-0


[Site "https://www.chess.com"]

[Event "Titled Tuesday Blitz February 21 Early 2023"]
[White "Iskusnyh, Sergei"]
[Black "Zhigalko, Sergei"]
[WhiteFideId "4120027"]
[BlackFideId "13502956"]
[WhiteElo "2440"]
[BlackElo "2572"]
[Result "1-0"]
[Round "10"]
[TimeControl "180+2"]
[Date "2023.02.21"]
[WhiteClock "0:00:17"]
[BlackClock "0:00:30"]

1. d4 Nf6 2. Nf3 e6 3. g3 b5 4. Bg2 Bb7 5. O-O c5 6. c3 Be7 7. Bg5 cxd4 8. cxd4 O-O 9. Nbd2 d6 10. a4 b4 11. Bxf6 Bxf6 12. Qb3 a5 13. e3 Nd7 14. Rfc1 e5 15. Nxe5 dxe5 16. Bxb7 Rb8 17. Bd5 exd4 18. e4 d3 19. Nc4 Nc5 20. Qd1 Bd4 21. Nd2 Qf6 22. Nf3 Be5 23. Rxc5 Bxb2 24. Rb1 Bc3 25. Qxd3 g6 26. Rc6 Qe7 27. h4 Rbd8 28. Qc4 Kg7 29. Kg2 Rd7 30. Rb3 Ba1 31. h5 Rfd8 32. Rb1 Bc3 33. Rh1 Bf6 34. hxg6 hxg6 35. Qa6 Ra7 36. Qb6 Rdd7 37. Rxf6 Qxf6 38. Rh7+ Kxh7 39. Qxf6 1-0


[Site "https://www.chess.com"]

[Event "Titled Tuesday Blitz February 21 Early 2023"]
[White "Molina, Roberto Junio Brito"]
[Black "Rosen, Eric"]
[WhiteFideId "2109450"]
[BlackFideId "2032562"]
[WhiteElo "2403"]
[BlackElo "2349"]
[Result "1-0"]
[Round "10"]
[TimeControl "180+2"]
[Date "2023.02.21"]
[WhiteClock "0:00:21"]
[BlackClock "0:00:06"]

1. d4 d5 2. c4 e6 3. Nc3 Nf6 4. cxd5 exd5 5. Bg5 c6 6. e3 Bd6 7. Bd3 h6 8. Bh4 O-O 9. Nge2 Re8 10. Bg3 a5 11. a3 Bxg3 12. Nxg3 Be6 13. O-O Nbd7 14. Re1 Nb6 15. Qc2 Nc4 16. Bxc4 dxc4 17. Rad1 b5 18. e4 Qb6 19. d5 cxd5 20. exd5 Bd7 21. Nge4 Bf5 22. Nxf6+ Qxf6 23. Qd2 b4 24. axb4 axb4 25. Rxe8+ Rxe8 26. Nb5 Bg4 27. f3 Qb6+ 28. Nd4 Bf5 29. Qf2 Bd3 30. Nc6 Qxf2+ 31. Kxf2 Re2+ 32. Kg3 b3 33. d6 Re8 34. d7 Ra8 35. d8=Q+ Rxd8 36. Nxd8 Bc2 37. Re1 c3 38. bxc3 b2 39. Nc6 b1=Q 40. Rxb1 Bxb1 41. Kf4 Kf8 42. Ke5 Ke8 43. Kd6 Bd3 44. f4 h5 45. g3 f6 46. Nd4 g5 47. Ne6 h4 48. fxg5 fxg5 49. Nxg5 hxg3 50. hxg3 Kf8 51. Ke5 Kg7 52. Ne6+ Kh6 53. Kf4 Bc4 54. Nd4 Kg7 55. Kf5 Kf7 56. g4 Ke7 57. g5 Kd6 58. Ke4 Bd5+ 59. Ke3 Ke5 60. Kd3 Bb7 61. c4 Kf4 62. g6 Be4+ 63. Kc3 Bxg6 64. c5 Ke5 65. Kc4 Be8 66. Nb5 Bf7+ 67. Kb4 Kd5 68. Nd6 Be6 69. Kb5 Bd7+ 70. Kb6 Ba4 71. Nb7 Be8 72. Na5 Ba4 73. Nb7 Ke6 74. Nd6 Kd7 75. Nc4 Kc8 76. Ka6 Bd1 77. Kb6 Bf3 78. Nd6+ Kd7 79. Nf5 Bh1 80. Nd4 Kc8 81. Ne2 Kd7 82. Ng3 Bg2 83. Nf5 Ke6 84. Ne3 Bh1 85. Kc7 Ke5 86. Kb6 Ke6 87. Ng4 Kd7 88. Nf2 Bg2 89. Nd3 Ke6 90. Nf4+ Kd7 91. Nxg2 Kc8 92. Kc6 Kb8 93. Kd7 Ka8 94. c6 Kb8 95. c7+ Ka7 96. c8=Q 1-0


[Site "https://www.chess.com"]

[Event "Titled Tuesday Blitz February 21 Early 2023"]
[White "Rustemov, Alexander"]
[Black "Melikyan, Gnel"]
[WhiteFideId "4119002"]
[BlackFideId "54109990"]
[WhiteElo "2525"]
[BlackElo "2238"]
[Result "1-0"]
[Round "10"]
[TimeControl "180+2"]
[Date "2023.02.21"]
[WhiteClock "0:00:55"]
[BlackClock "0:00:01"]

1. d4 Nf6 2. c4 g6 3. Nf3 Bg7 4. g3 O-O 5. Bg2 d6 6. O-O c6 7. Nc3 Qb6 8. h3 Qa6 9. Nd2 e5 10. d5 cxd5 11. cxd5 Nbd7 12. a4 Rd8 13. Nb5 Ne8 14. Nc4 Nb6 15. b3 Nxc4 16. bxc4 Bd7 17. Be3 Rdc8 18. Qb3 f5 19. Rfb1 e4 20. Ra2 b6 21. Bf4 Bxb5 22. cxb5 Qb7 23. Rc1 Rxc1+ 24. Bxc1 Rc8 25. Rc2 Rxc2 26. Qxc2 Qxd5 27. Qc8 Qf7 28. e3 Kf8 29. Ba3 Be5 30. Bf1 Qc7 31. Qa8 Qe7 32. Bc4 Kg7 33. Bd5 Nf6 34. Bc6 h5 35. h4 Ng4 36. Kg2 g5 37. hxg5 h4 38. gxh4 f4 39. exf4 Bxf4 40. Bxe4 Bd2 41. Qb7 Qxb7 42. Bxb7 Be1 43. Bb2+ Kg8 44. Bd5+ Kf8 45. g6 Ne5 46. h5 Bd2 47. Kg3 1-0


[Site "https://www.chess.com"]